 Dungeon Crawl Stone Soup version 0.20.0-10-g0535bb4 (webtiles) character file.

231 IcyNumb the Spear-Bearer (level 6, 0/70 HPs)
             Began as a Merfolk Fighter on June 5, 2017.
             Succumbed to an adder's poison
             ... on level 3 of the Dungeon.
             The game lasted 00:05:03 (1992 turns).

IcyNumb the Spear-Bearer (Merfolk Fighter)          Turns: 1992, Time: 00:05:04

Health: 0/70       AC: 23    Str: 16    XL:     6   Next: 3%
Magic:  6/6        EV:  2    Int:  8    God:
Gold:   51         SH:  0    Dex: 15    Spells: 5/5 levels left

rFire    . . .     SeeInvis .   a - +0 trident
rCold    . . .     Gourm    .   (no shield)
rNeg     + + +     Faith    .   (armour currently unavailable)
rPois    +         Spirit   .   (helmet currently unavailable)
rElec    .         Reflect  .   (cloak currently unavailable)
rCorr    .         Harm     .   (gloves currently unavailable)
MR       .....     NoTele   +   (boots currently unavailable)
Stlth    +.........             (no amulet)
Regen    0.3/turn               (no ring)
MPRegen  0.1/turn               (no ring)

@: lethally poisoned (0 -> -2), tree-form
A: (change form in water), (swift swim), (stealthy swim)
a: no special abilities


You were on level 3 of the Dungeon.
You were hungry.
You were a tree.
You visited 1 branch of the dungeon, and saw 5 of its levels.

You collected 51 gold pieces.

Inventory:

Hand Weapons
 a - a +0 trident (weapon)
Armour
 b - a +0 scale mail (melded)
 c - a +0 shield
 p - a +1 cloak
Scrolls
 e - a scroll of magic mapping {unknown}
 h - 2 scrolls of teleportation {unknown}
 j - a scroll of identify {unknown}
 k - 2 scrolls of amnesia {unknown}
 m - a scroll of enchant weapon {unknown}
 n - a scroll of remove curse {unknown}
 s - a scroll of fear {unknown}
Potions
 d - a potion of might
 l - a potion of magic {unknown}
 r - a potion of haste {unknown}
Comestibles
 f - a bread ration
 g - 2 royal jellies
 o - 3 meat rations


   Skills:
 - Level 3.2 Fighting
 + Level 8.8 Polearms
 - Level 2.1 Armour
 - Level 3.0 Shields


You had 5 spell levels left.
You didn't know any spells.

Dungeon Overview and Level Annotations

Branches:
Dungeon (5/15)
 Temple: D:4-7

Altars:
Okawaru
Qazlal
Sif Muna
Xom

Annotations:
D:4 Edmund


Message History

You are not religious.
You are not religious.
You are not religious.
You are not religious.
You are not religious.
You are not religious.
You are not religious.
You are not religious.
You are not religious.
You are not religious.
You are not religious.
You are not religious.
You are not religious.
You are not religious.
You are not religious.
You are not religious.
It was a potion of lignification.
You turn into a tree.
Your +0 scale mail melds into your body.
Your roots penetrate the ground.
You die...

#.#.#..# ## #. #.#>#..# ...
#. ##.#_#..####### ... #.
#..###........#
#..##.#######.............#
#...#.....................#
S...#.....................#
..#..#........###########.#
..<.........Y.gS♣.....!>#.#
#.#........#o##########.#.#
###.#.#......(...# #.#
#.o..#..........# #.#
.....#o##..........# #.#
.....#.###.#.####### #.#
.....#..##.#.####### #.#
.....##.##.#o....... #.#
..... #.##.....# #.#


You could see an ice beast, an orc priest, a hobgoblin and a ball python.

Vanquished Creatures
  A crimson imp (D:5)
  An orc priest (D:5)
  A centaur skeleton (D:4)
  An orc wizard (D:4)
  2 worker ants (D:4)
  2 adders
  An ooze (D:4)
  11 orcs
  3 giant cockroaches (D:1)
  2 goblins
  4 hobgoblins (D:1)
  A jackal (D:3)
  5 bats (D:1)
  A frilled lizard (D:2)
  2 kobolds (D:1)
  A rat (D:3)
39 creatures vanquished.

Notes
Turn   | Place    | Note
-------+----------+-------------------------------------------
     0 | D:1      | IcyNumb the Merfolk Fighter began the quest for the Orb.
     0 | D:1      | Reached XP level 1. HP: 18/18 MP: 1/1
   255 | D:1      | Reached skill level 4 in Polearms
   255 | D:1      | Reached XP level 2. HP: 24/24 MP: 2/2
   607 | D:2      | You fall through a shaft for 2 floors!
   695 | D:4      | Reached skill level 5 in Polearms
   695 | D:4      | Reached XP level 3. HP: 18/29 MP: 3/3
  1010 | D:4      | Reached skill level 6 in Polearms
  1010 | D:4      | Reached XP level 4. HP: 30/35 MP: 4/4
  1251 | D:4      | Reached skill level 7 in Polearms
  1286 | D:4      | Reached XP level 5. HP: 41/41 MP: 5/5
  1331 | D:4      | Found a shimmering altar of Xom.
  1333 | D:4      | Found a deep blue altar of Sif Muna.
  1334 | D:4      | Noticed Edmund
  1335 | D:4      | Found an iron altar of Okawaru.
  1357 | D:5      | Entered Level 5 of the Dungeon
  1405 | D:5      | Reached skill level 8 in Polearms
  1597 | D:4      | Noticed an ogre
  1894 | D:3      | Noticed an ice beast
  1942 | D:3      | Found a stormy altar of Qazlal.
  1989 | D:3      | HP: 2/41 [adder (3)]
  1990 | D:3      | Reached XP level 6. HP: 2/47 MP: 6/6
  1992 | D:3      | Succumbed to an adder's poison

Skill      XL: |  1  2  3  4  5 |
---------------+----------------+-----
Polearms       | 4 5 6 7 8 |  8.8
Fighting       | |  3.2
Armour         | |  2.1
Shields        | |  3.0

Action                   |  1- 3 |  4- 6 || total
-------------------------+-------+-------++-------
Melee: Trident           |    76 |    88 ||   164
  Use: Potion            |       |     2 ||     2
  Eat: Chunk             |       |     3 ||     3
Armor: Scale mail        |    27 |    39 ||    66
Dodge: Dodged            |    40 |    46 ||    86
